 Dungeon Crawl Stone Soup version 0.14.0-17-gc0b17a5 (webtiles) character file.

2566 Heini the Hoplite (level 9, -6/75 HPs)
             Began as a Minotaur Fighter on Apr 18, 2014.
             Was an Elder of Okawaru.
             Mangled by an orc warrior
             ... wielding a +0,+0 dire flail
              (8 damage)
             ... on Level 6 of the Dungeon.
             The game lasted 00:23:36 (5104 turns).

Heini the Hoplite (Minotaur Fighter)                Turns: 5104, Time: 00:23:37

HP  -6/75        AC 17     Str 23      XL: 9   Next: 17%
MP   3/4         EV  9     Int  5      God: Okawaru [****..]
Gold 267         SH 26     Dex 11      Spells:  0 memorised,  8 levels left

rFire  . . .     SeeInvis .     z - +0 flail
rCold  . . .     Clarity  .     B - +1 chain mail
rNeg   . . .     Conserve .     c - -1 shield
rPois  .         rCorr    .     (helmet restricted)
rElec  .         rRot     .     h - +2 cloak
SustAb . .       Spirit   .     (no gloves)
rMut   .         Warding  .     (no boots)
Saprov . . .     Stasis   .     (no amulet)
MR     .....                    (no ring)
                                (no ring)

@: heroism, not resistant to hostile enchantments, extremely unstealthy
A: retaliatory headbutt, horns 2
a: Heroism, Renounce Religion


You were on level 6 of the Dungeon.
You worshipped Okawaru.
Okawaru was greatly pleased with you.
You were not hungry.

You visited 1 branch of the dungeon, and saw 7 of its levels.

You collected 267 gold pieces.

Inventory:

Hand weapons
 z - a +0,+0 flail (weapon)
Armour
 c - a -1 shield (worn)
 h - a +2 cloak (worn)
 B - a +1 chain mail (worn)
Magical devices
 g - a wand of teleportation (4) {unknown}
 i - a wand of lightning (9) {unknown}
Comestibles
 d - 3 bread rations
 j - 2 meat rations
 r - a grape
 A - an apricot
 C - a choko
Scrolls
 b - 2 scrolls of identify
 f - 4 scrolls of teleportation
 m - 4 scrolls of remove curse {unknown}
 n - a scroll of fear {unknown}
 o - a scroll of random uselessness {unknown}
 p - a scroll of immolation {unknown}
 t - 3 scrolls of enchant weapon II {unknown}
 u - a scroll of blinking {unknown}
 x - a scroll of enchant armour {unknown}
 y - a scroll of magic mapping {unknown}
Potions
 a - a potion of beneficial mutation {unknown}
 e - 2 potions of agility
 k - 3 potions of curing
 l - a potion of invisibility {unknown}
 q - a potion of restore abilities
 v - a potion of resistance


   Skills:
 + Level 6.2(11.2) Fighting
 + Level 6.8(11.8) Maces & Flails
 + Level 7.2(12.2) Armour
 + Level 6.3(11.3) Dodging
 + Level 0.3(5.3) Stealth
 + Level 8.4(13.4) Shields


You had 8 spell levels left.
You didn't know any spells.

Dungeon Overview and Level Annotations

Branches:
Dungeon (7/15)
 Temple: D:4-7

Altars:
Ashenzari
Dithmenos
Elyvilon
Makhleb
Okawaru
Trog
Vehumet
Yredelemnul
The Shining One

Shops:
D:4 [

Annotations:
D:6 exclusion: statue
D:7 dadoka's ghost, experienced TeGl


Innate Abilities, Weirdness & Mutations

You reflexively headbutt those who attack you in melee.
You have a pair of horns on your head.


Message History

* * * LOW HITPOINT WARNING * * *
You sock the orc warrior! Your headbutt misses the orc warrior.
The orc warrior is almost dead.
The orc warrior hits you with a dire flail.
* * * LOW HITPOINT WARNING * * *
You hit the orc warrior but do no damage.
The orc warrior is almost dead.
You hit the orc warrior. Your headbutt misses the orc warrior.
The orc warrior is almost dead.
You block the orc warrior's attack.
You barely miss the orc warrior.
The orc warrior is almost dead.
The orc warrior hits you with a dire flail!
* * * LOW HITPOINT WARNING * * *
You closely miss the orc warrior.
The orc warrior is almost dead.
Your shield and chain mail prevent you from hitting the orc warrior.
The orc warrior is almost dead.
The orc warrior hits you with a dire flail!
You die...

#........# #..
#........####..
#........'.##..
#######........#..'..
#..............####.<
#.#########....# #..
#.#f......#.#.## #..
#.#o8._.....#.# #..
#.#.@)....#...# ###
#.#########.### #
#...........####
#######........#
#........# #........#
## #........# #.
#........# ##.
#........# ##<.


You could see a charred statue, an orc warrior and an active ballistomycete.

Vanquished Creatures
  Pikel (D:6)
  A water moccasin (D:5)
  A phantom (D:4)
  A sky beast (D:5)
  An ice beast (D:5)
  An ogre (D:7)
  2 centaurs
  2 giant frogs (D:6)
  A scorpion (D:5)
  5 killer bees (D:4)
  A crimson imp (D:5)
  A goliath beetle (D:7)
  3 hounds
  4 jellies
  4 orc wizards
  2 worker ants
  Natasha (thrice) (D:5)
  An ogre zombie (D:5)
  Ijyb (D:5)
  Jessica (D:2)
  11 gnolls
  10 adders
  An orc skeleton (D:4)
  A worm zombie (D:5)
  3 worms
  A giant mite (D:6)
  A shadow imp (D:5)
  An adder skeleton (D:7)
  5 giant geckos
  3 oozes
  8 orcs
  15 bats
  5 giant cockroaches
  4 goblins
  4 hobgoblins
  9 kobolds
  4 quokkas
  4 giant newts
  9 rats
  6 ballistomycetes (D:6)
142 creatures vanquished.

Vanquished Creatures (others)
  An adder (D:2)
  2 giant spores (D:6)
3 creatures vanquished.

Grand Total: 145 creatures vanquished

Notes
Turn   | Place    | Note
--------------------------------------------------------------
     0 | D:1      | Heini, the Minotaur Fighter, began the quest for the Orb.
     0 | D:1      | Reached XP level 1. HP: 19/19 MP: 1/1
   122 | D:1      | Reached skill level 4 in Fighting
   171 | D:1      | Reached XP level 2. HP: 27/27 MP: 1/1
   479 | D:2      | Found a white marble altar of Elyvilon.
   527 | D:2      | Noticed Jessica
   531 | D:2      | Reached XP level 3. HP: 33/33 MP: 2/2
   532 | D:2      | Killed Jessica
   651 | D:2      | Noticed a moth of wrath
   654 | D:2      | Found a bloodstained altar of Trog.
   676 | D:2      | Reached XP level 4. HP: 29/40 MP: 2/2
   890 | D:2      | Found an iron altar of Okawaru.
   997 | D:2      | Became a worshipper of Warmaster Okawaru
  1091 | D:3      | Reached skill level 1 in Dodging
  1363 | D:3      | Found a basalt altar of Yredelemnul.
  1898 | D:3      | Found a glowing golden altar of the Shining One.
  2062 | D:4      | Reached XP level 5. HP: 45/47 MP: 2/2
  2096 | D:4      | Reached skill level 5 in Shields
  2264 | D:4      | Found Icoul's Armour Shoppe.
  2348 | D:4      | Reached XP level 6. HP: 48/53 MP: 3/3
  2382 | D:4      | Acquired Okawaru's first power
  2382 | D:4      | Reached skill level 6 in Shields
  2383 | D:4      | Reached skill level 5 in Armour
  2391 | D:4      | HP: 2/55 [poisoned by a killer bee]
  2657 | D:4      | Noticed a phantom
  2685 | D:4      | Killed a phantom
  2685 | D:4      | Reached skill level 5 in Fighting
  2685 | D:4      | Reached XP level 7. HP: 52/61 MP: 3/3
  3004 | D:5      | Entered Level 5 of the Dungeon
  3350 | D:5      | Noticed Natasha
  3360 | D:5      | Killed Natasha
  3427 | D:5      | Found a shadowy altar of Dithmenos.
  3477 | D:5      | Noticed Natasha
  3484 | D:5      | Killed Natasha
  3523 | D:5      | Noticed Natasha
  3533 | D:5      | Killed Natasha
  3582 | D:5      | Noticed Ijyb
  3591 | D:5      | Killed Ijyb
  3592 | D:5      | Found a shattered altar of Ashenzari.
  3625 | D:5      | Reached skill level 7 in Shields
  3625 | D:5      | Reached XP level 8. HP: 49/68 MP: 3/3
  3808 | D:5      | Reached skill level 5 in Dodging
  3823 | D:5      | Reached skill level 5 in Maces & Flails
  3966 | D:6      | Found a radiant altar of Vehumet.
  4467 | D:6      | Noticed Pikel
  4484 | D:6      | Killed Pikel
  4484 | D:6      | Reached skill level 8 in Shields
  4484 | D:6      | Reached XP level 9. HP: 65/75 MP: 4/4
  4560 | D:6      | Found a burning altar of Makhleb.
  5086 | D:7      | Noticed dadoka's ghost (experienced TeGl)
  5102 | D:6      | HP: 2/75 [orc warrior/dire flail (8)]
  5104 | D:6      | Mangled by an orc warrior

Action                   |  1- 3 |  4- 6 |  7- 9 || total
-------------------------+-------+-------+-------++-------
Melee: Flail             |    67 |   160 |   348 ||   575
Invok: Heroism           |       |       |     2 ||     2
  Use: Potion            |       |     2 |     1 ||     3
       Scroll            |       |       |     6 ||     6
